 Dungeon Crawl Stone Soup version 0.29.0-4-gdea44cf6ec (webtiles) character file.

Game seed: 238638233702306788

147 qw the Chopper (level 5, -3/30 HPs)
             Began as a Tengu Warper on Aug 28, 2022.
             Was an Initiate of Okawaru.
             Killed by divine providence
             ... invoked by an orc priest
              (10 damage)
             ... on level 4 of the Dungeon.
             The game lasted 00:00:20 (3450 turns).

qw the Chopper (Tengu Warper)                       Turns: 3450, Time: 00:00:21

Health: -3/30      AC: 10    Str: 14    XL:     5   Next: 29%
Magic:  9/9        EV: 13    Int: 13    God:    Okawaru [......]
Gold:   161        SH:  5    Dex: 13    Spells: 8/8 levels left

rFire   + . .      SeeInvis .   Y - +0 hand axe
rCold   . . .      Faith    .   (no shield)
rNeg    . . .      Spirit   .   f - +2 ring mail {rF+}
rPois   .          Reflect  +   (helmet restricted)
rElec   .          Harm     .   j - +1 cloak
rCorr   .          Rampage  .   m - +0 pair of gloves
Will    .....                   (boots unavailable)
Stlth   +.........              l - amulet of reflection
HPRegen 0.10/turn               (no ring)
MPRegen 0.11/turn               (no ring)

@: flying quickly and evasively, quick
A: beak, talons 3, nimble flight
a: Renounce Religion


You were on level 4 of the Dungeon.
You worshipped Okawaru.
Okawaru was noncommittal.
You visited 2 branches of the dungeon, and saw 5 of its levels.

You collected 161 gold pieces.


Innate Abilities, Weirdness & Mutations

You have a beak for a mouth.
You have claws for feet.
Your magical nature lets you fly swiftly and evasively.


   Skills:
 - Level 2.0 Fighting
 + Level 5.9 Axes
 - Level 1.0 Throwing
 - Level 1.1 Armour
 - Level 2.1 Dodging
 - Level 2.0 Spellcasting
 - Level 2.4 Translocations


You had 8 spell levels left.
You didn't know any spells.
Your spell library contained the following spells:

 Spells                   Type           Power      Damage    Failure   Level
 Blink                    Tloc           14%        N/A       30%         2
 Gell's Gravitas          Tloc           7%         N/A       52%         3
 Lesser Beckoning         Tloc           7%         N/A       52%         3
 Teleport Other           Tloc           7%         N/A       52%         3
 Manifold Assault         Tloc           7%         N/A       99%         5

Inventory:

Hand Weapons
 e - a +0 whip
 Y - a +0 hand axe (weapon)
Missiles
 g - 4 javelins (quivered)
Armour
 f - a +2 ring mail of fire resistance (worn)
 j - a +1 cloak (worn)
 m - a +0 pair of gloves (worn)
Jewellery
 l - an amulet of reflection (around neck)
Scrolls
 a - a scroll of identify
Potions
 d - a potion of haste {unknown}
 h - a potion of attraction {unknown}
 i - a potion of magic {unknown}
 k - a potion of heal wounds {unknown}

Dungeon Overview and Level Annotations

Branches:
Dungeon (4/15)             Temple (1/1) D:4

Altars:
Ashenzari
Cheibriados
Dithmenos
Gozag
Hepliaklqana
Kikubaaqudgha
Makhleb
Nemelex Xobeh
Okawaru
Qazlal
Ru
Sif Muna
Trog
Vehumet
Wu Jian
Yredelemnul
Zin
The Shining One


Message History

You hit the kobold. You peck the kobold.
You kill the kobold!
Okawaru accepts your kill. The orc priest closely misses you.
You block the orc priest's attack.
You see here a +0 flail.
You hit the orc priest.
You peck the orc priest, but do no damage.
The orc priest is lightly wounded.
The orc priest mumbles some strange prayers to Beogh against you.
Beogh smites you!
Ouch! That really hurt!
You hit the orc priest.
The orc priest is moderately wounded.
The orc priest misses you.
You completely miss the orc priest. You claw the orc priest.
The orc priest is heavily wounded.
The orc priest hits you but does no damage.
You barely miss the orc priest. Your peck misses the orc priest.
The orc priest is heavily wounded.
The orc priest closely misses you.
You hit the orc priest but do no damage.
Your kick misses the orc priest.
The orc priest is heavily wounded.
The orc priest hits you but does no damage.
You closely miss the orc priest.
You peck the orc priest, but do no damage.
The orc priest is heavily wounded.
The orc priest hits you with a +0 trident.
You barely miss the orc priest. Your kick misses the orc priest.
The orc priest is heavily wounded.
The orc priest hits you with a +0 trident.
You hit the orc priest. Your kick misses the orc priest.
The orc priest is severely wounded.
The orc priest barely misses you.
You barely miss the orc priest. Your kick misses the orc priest.
The orc priest is severely wounded.
The orc priest invokes the aid of Beogh against you.
Beogh smites you!
You die...

#. ..# ..##
#.# ..##
#.# #..#
#5# #..#
#g# #..#
#o##..##
#@#...##
#.#.....#
##).##..##
(...####..#
##### #..#
#..# ##..#
#..## #..#


You could see an orc priest, an ufetubus and a hobgoblin.

Vanquished Creatures
  Terence (D:2)
  4 adders
  A worm (D:4)
  A dart slug (D:1)
  2 orcs
  4 bats
  6 endoplasms
  4 giant cockroaches
  6 goblins
  11 hobgoblins
  5 jackals
  8 kobolds
  6 quokkas
  5 ball pythons
  A frilled lizard (D:3)
  3 rats (D:2)
  A spectral goblin (D:1)
69 creatures vanquished.

Notes
Turn   | Place    | Note
-------+----------+-------------------------------------------
     0 | D:1      | qw the Tengu Warper began the quest for the Orb.
     0 | D:1      | Reached XP level 1. HP: 12/12 MP: 4/4
     0 | D:1      | 0 ||| qw: Version: 0.1-a-89-g26bdef1
     0 | D:1      | 0 ||| qw: Game counter: 2615
     0 | D:1      | 0 ||| qw: Always use a shield: true
     0 | D:1      | 0 ||| qw: God list: Okawaru
     0 | D:1      | 0 ||| qw: Allow faded altars: false
     0 | D:1      | 0 ||| qw: Do Orc after D:15 true
     0 | D:1      | 0 ||| qw: Do second Lair branch before Depths: true
     0 | D:1      | 0 ||| qw: Lair rune preference: random
     0 | D:1      | 0 ||| qw: Plans: Normal
     0 | D:1      | 0 ||| PLANNING D:1-11
    50 | D:1      | 50 ||| Stepping ~*~*~tactically~*~*~ (hiding).
   292 | D:1      | Reached XP level 2. HP: 17/17 MP: 6/6
   331 | D:1      | Reached skill level 3 in Axes
   453 | D:1      | 453 ||| Stepping ~*~*~tactically~*~*~ (stealth).
   454 | D:1      | 454 ||| Stepping ~*~*~tactically~*~*~ (stealth).
   491 | D:1      | 491 ||| Stepping ~*~*~tactically~*~*~ (stealth).
   492 | D:1      | 492 ||| Stepping ~*~*~tactically~*~*~ (stealth).
   493 | D:1      | 493 ||| Stepping ~*~*~tactically~*~*~ (stealth).
   494 | D:1      | 494 ||| Stepping ~*~*~tactically~*~*~ (stealth).
   703 | D:1      | Reached XP level 3. HP: 21/21 MP: 7/7
   883 | D:1      | 883 ||| Stepping ~*~*~tactically~*~*~ (stealth).
   885 | D:1      | 885 ||| Stepping ~*~*~tactically~*~*~ (stealth).
   887 | D:1      | 887 ||| Stepping ~*~*~tactically~*~*~ (stealth).
   889 | D:1      | 889 ||| Stepping ~*~*~tactically~*~*~ (stealth).
   891 | D:1      | 891 ||| Stepping ~*~*~tactically~*~*~ (stealth).
  1128 | D:1      | Reached skill level 4 in Axes
  1352 | D:1      | Found a faded altar of an unknown god.
  1354 | D:1      | 1354 ||| Stepping ~*~*~tactically~*~*~ (water).
  1399 | D:1      | 1399 ||| READING 3 scrolls labelled AXIQENK ISULIMN.
  1400 | D:1      | 1400 ||| READING scroll labelled DASTAR GOXI.
  1401 | D:1      | 1401 ||| READING 2 scrolls of identify.
  1401 | D:1      | 1401 ||| IDENTIFYING bubbling silvery potion
  1402 | D:1      | 1402 ||| DROPPING scroll of blinking.
  1403 | D:1      | 1403 ||| DROPPING potion of ambrosia.
  1438 | D:2      | 1438 ||| STAIRDANCE
  1439 | D:1      | HP: 5/21 [poisoned by an adder]
  1949 | D:2      | Reached XP level 4. HP: 26/26 MP: 8/8
  1969 | D:2      | Found a stormy altar of Qazlal.
  1969 | D:2      | Noticed Terence
  1986 | D:2      | Killed Terence
  1987 | D:2      | Reached skill level 5 in Axes
  2279 | D:2      | 2279 ||| UPGRADING to +0 ring mail.
  2289 | D:2      | 2289 ||| DROPPING +0 leather armour.
  2290 | D:2      | 2290 ||| UPGRADING to +2 ring mail of fire resistance.
  2300 | D:2      | 2300 ||| DROPPING +0 ring mail.
  2301 | D:2      | 2301 ||| UPGRADING to +0 cloak.
  2548 | D:3      | Found an ornate altar of the Wu Jian Council.
  2567 | D:3      | 2567 ||| Stepping ~*~*~tactically~*~*~ (stealth).
  2635 | D:3      | Gained mutation: Your magical nature lets you fly swiftly
                  | and evasively. [Tengu growth]
  2635 | D:3      | Reached XP level 5. HP: 30/30 MP: 9/9
  2814 | D:3      | 2814 ||| READING scroll of enchant armour.
  2814 | D:3      | 2814 ||| ENCHANTING +0 cloak.
  3017 | D:3      | 3017 ||| UPGRADING to +0 pair of gloves.
  3022 | D:3      | 3022 ||| UPGRADING to amulet of reflection.
  3027 | D:3      | 3027 ||| DROPPING +6 ring of intelligence.
  3028 | D:3      | 3028 ||| READING scroll labelled AFUR GIELIRUA.
  3029 | D:3      | 3029 ||| READING scroll labelled ALIOFO XYEWNUI.
  3130 | D:3      | 3130 ||| READING scroll labelled TINAME TICYUM.
  3131 | D:3      | 3131 ||| READING scroll labelled IMIEGE ZACOTA.
  3255 | D:4      | Found a staircase to the Ecumenical Temple.
  3256 | D:4      | 3256 ||| PLANNING TEMPLE
  3264 | Temple   | Entered the Ecumenical Temple
  3315 | Temple   | Became a worshipper of Warmaster Okawaru
  3362 | Temple   | 3362 ||| PLANNING D:1-11
  3395 | D:4      | 3395 ||| Stepping ~*~*~tactically~*~*~ (stealth).
  3448 | D:4      | HP: 7/30 [orc priest/+0 trident (3)]
  3450 | D:4      | Killed from afar by an orc priest

Levels and vault maps discovered:
D:1:      onia_arrival_pyramid, layout_basic,
          dreamdust_ecumenical_altar_drowned_temple, minmay_unequal
D:2:      layout_rooms, basic_altar, uniq_terence
D:3:      minmay_wonky_spiral, layout_rooms, nzn_wu_jian_council_hall
D:4:      layout_layer_cave, mainiacjoe_overflow_surrounded_room,
          minmay_temple_entry_glass, minmay_circle_x
Temple:   minmay_temple_bridge_d

Skill      XL: |  1  2  3  4 |
---------------+-------------+-----
Axes           | 3 4 5 |  5.9
Fighting       | |  2.0
Throwing       | |  1.0
Armour         | |  1.1
Dodging        | |  2.1
Spellcasting   | |  2.0
Translocations | |  2.4

Action                   |  1- 3 |  4- 6 || total
-------------------------+-------+-------++-------
Melee: Hand axe          |    99 |    59 ||   158
       Peck              |    17 |     9 ||    26
       Kick              |    14 |    17 ||    31
       Punch             |     1 |       ||     1
Throw: Boomerang         |     7 |       ||     7
       Javelin           |       |    41 ||    41
  Use: Scroll            |     3 |     5 ||     8
Armor: Leather armour    |    19 |     5 ||    24
       Ring mail         |       |     9 ||     9
Dodge: Dodged            |    63 |    32 ||    95
Block: Other             |       |     2 ||     2

Table legend:
 A = Non-vault XP
 B = Vault XP
 C = Vault XP percentage of total XP
 D = Non-vault monster count
 E = Vault monster count
 F = Vault count percentage of total count
                 A         B        C        D         E       F
            +---------+---------+-------+---------+---------+-------
      Total |     160 |      51 |  24.2 |      61 |       8 |  11.6
            +---------+---------+-------+---------+---------+-------
        D:1 |      50 |       1 |   2.0 |      27 |       1 |   3.6
        D:2 |      50 |      38 |  43.2 |      10 |       1 |   9.1
        D:3 |      45 |       8 |  15.1 |      18 |       4 |  18.2
        D:4 |      15 |       4 |  21.1 |       6 |       2 |  25.0
            +---------+---------+-------+---------+---------+-------
